 Dungeon Crawl Stone Soup version 0.26-a0-52-gd53d4cd (webtiles) character file.

Game seed: 11826836033940372951

17 thirtiethelement the Skirmisher (level 2, -1/24 HPs)
             Began as a Demonspawn Abyssal Knight on June 5, 2020.
             Was a Follower of Lugonu.
             Slain by an ice beast (11 damage)
             ... on level 2 of the Dungeon.
             The game lasted 00:01:54 (926 turns).

thirtiethelement the Skirmisher (DsAK)               Turns: 926, Time: 00:01:54

Health: -1/24      AC:  7    Str: 12    XL:     2   Next: 44%
Magic:  3/3        EV: 10    Int: 13    God:    Lugonu [*.....]
Gold:   43         SH:  0    Dex: 12    Spells: 1/1 levels left

rFire    . . .     SeeInvis .   a - +2 falchion
rCold    . . .     Gourm    .   (no shield)
rNeg     . . .     Faith    .   d - +0 ring mail
rPois    .         Spirit   .   (no helmet)
rElec    .         Reflect  .   (no cloak)
rCorr    .         Harm     .   (no gloves)
MR       .....     Rnd*Rage +   (no boots)
Stlth    +.........             (no amulet)
HPRegen  0.08/turn              (no ring)
MPRegen  0.08/turn              (no ring)

@: no status effects
A: icy blue scales 1, berserk 1
a: Depart the Abyss, Renounce Religion


You were on level 2 of the Dungeon.
You worshipped Lugonu.
Lugonu was aware of your devotion.
You were not hungry.

You visited 1 branch of the dungeon, and saw 2 of its levels.
You visited the Abyss 1 time.

You collected 43 gold pieces.

Inventory:

Hand Weapons
 a - a +2 falchion (weapon)
Armour
 b - a +0 leather armour
 d - a +0 ring mail (worn)
Comestibles
 c - a ration


   Skills:
 + Level 3.5 Fighting
 + Level 2.2 Long Blades
 + Level 1.7 Armour
 + Level 0.8 Dodging
 + Level 2.4 Invocations


You had one spell level left.
You didn't know any spells.
Your spell library was empty.

Dungeon Overview and Level Annotations

Branches:
Dungeon (1/15)

Altars:


Innate Abilities, Weirdness & Mutations

You are partially covered in icy blue scales. (AC +2)
You tend to lose your temper in combat.


Message History

The ice beast is moderately wounded.
You hit the ice beast.
The ice beast is heavily wounded.
The ice beast hits you but does no damage.
You hit the ice beast.
The ice beast is severely wounded.
The ice beast hits you. The ice beast freezes you!
You are too injured to fight recklessly!
You are too injured to fight recklessly!
You hit the ice beast but do no damage.
The ice beast is severely wounded.
The ice beast closely misses you.
You riposte.
You hit the ice beast.
The ice beast is severely wounded.
You closely miss the ice beast.
The ice beast is severely wounded.
The ice beast hits you but does no damage.
You hit the ice beast.
The ice beast is almost dead.
The ice beast hits you. The ice beast freezes you!
You die...

### ..# .### ##.##
..... ...#
.....$####..#######
(.....Y@..†........
..??#.####...#### .
# #...# #...# #...#
#...# ..... ......
###...%.


You could see an ice beast.

Vanquished Creatures
  A worm (D:2)
  A dart slug (D:1)
  A giant cockroach (D:1)
  2 goblins (D:1)
  A hobgoblin (D:1)
  2 jackals (D:1)
  2 kobolds (D:1)
  A rat (D:2)
11 creatures vanquished.

Vanquished Creatures (others)
  17 starspawn tentacles (Abyss:1)
17 creatures vanquished.

Grand Total: 28 creatures vanquished

Notes
Turn   | Place    | Note
-------+----------+-------------------------------------------
     0 | Abyss:1  | thirtiethelement the Demonspawn Abyssal Knight began the
                  | quest for the Orb.
     0 | Abyss:1  | Reached XP level 1. HP: 18/18 MP: 2/2
    51 | Abyss:1  | Noticed a tentacled starspawn
    77 | Abyss:1  | Noticed an efreet
    86 | Abyss:1  | Noticed a neqoxec
    87 | Abyss:1  | Noticed an ancient zyme
    89 | Abyss:1  | Noticed a tentacled starspawn
    91 | Abyss:1  | Gained mutation: You tend to lose your temper in combat. [a
                  | neqoxec]
    98 | Abyss:1  | Noticed a crimson imp
   128 | Abyss:1  | Noticed a thrashing horror
   134 | Abyss:1  | Noticed a ynoxinul
   139 | Abyss:1  | Noticed a vampire
   141 | D:1      | Escaped the Abyss
   583 | D:1      | Gained mutation: You are partially covered in icy blue
                  | scales. (AC +2) [demonic ancestry]
   583 | D:1      | Reached XP level 2. HP: 5/24 MP: 3/3
   584 | D:1      | Reached * piety under Lugonu
   880 | D:1      | You fall into a shaft and drop 1 floor!
   913 | D:2      | Noticed an ice beast
   926 | D:2      | Slain by an ice beast

Illustrated notes

Levels and vault maps discovered:
D:1:      dpeg_arrival_orchard, layout_basic, serial_corexii_hall,
          corexii_hall_statues_i, corexii_hall_statues_s,
          chequers_hall_statues_wall_a, minmay_misc_feat_cross,
          minmay_rat_gold_closets
D:2:      layout_loops_ring, grunt_temple_overflow_order_and_chaos_1,
          grunt_dithmenos_smoke, first_ration

Skill      XL: |  1 |
---------------+----+-----
Long Blades    | 2 |  2.2
Fighting       | |  3.5
Armour         | |  1.7
Dodging        | |  0.8
Invocations    | |  2.4

Action                   || total
-------------------------++-------
Melee: Falchion          ||    54
Invok: Depart the Abyss  ||     1
  Use: Scroll            ||     3
Armor: Leather armour    ||    14
       Ring mail         ||    10
Dodge: Dodged            ||    34
       Rpst.: Falchion   ||    10

Table legend:
 A = Non-vault XP
 B = Vault XP
 C = Vault XP percentage of total XP
 D = Non-vault monster count
 E = Vault monster count
 F = Vault count percentage of total count
                 A         B        C        D         E       F
            +---------+---------+-------+---------+---------+-------
      Total |      25 |       0 |   0.0 |      11 |       0 |   0.0
            +---------+---------+-------+---------+---------+-------
        D:1 |      19 |       0 |   0.0 |       9 |       0 |   0.0
        D:2 |       6 |       0 |   0.0 |       2 |       0 |   0.0
            +---------+---------+-------+---------+---------+-------
